 Dungeon Crawl Stone Soup version 0.28-a0-245-g639a1a48b9 (webtiles) character file.

Game seed: 5813853891367424190

2970 dolemite99 the Grappler (level 9, 0/74 HPs)
             Began as a Troll Fire Elementalist on Aug 25, 2021.
             Was an Elder of Wu Jian.
             Slain by a wyvern skeleton (13 damage)
             ... on level 7 of the Dungeon.
             The game lasted 00:07:46 (6408 turns).

dolemite99 the Grappler (Troll Fire Elementalist)   Turns: 6408, Time: 00:07:46

Health: 0/74       AC:  5    Str: 21    XL:     9   Next: 52%
Magic:  9/9        EV:  9    Int: 11    God:    Wu Jian [****..]
Gold:   283        SH:  5    Dex: 10    Spells: 9/10 levels left

rFire   . . .      SeeInvis .     - Unarmed
rCold   . . .      Faith    .   (no shield)
rNeg    . . .      Spirit   .   a - +0 robe
rPois   .          Reflect  +   (helmet restricted)
rElec   .          Harm     .   r - +0 cloak
rCorr   .          Rampage  .   (gloves unavailable)
Will    .....                   (boots unavailable)
Stlth   +.........              f - amulet of reflection
HPRegen 1.22/turn               (no ring)
MPRegen 0.11/turn               (no ring)

@: no status effects
A: large, unfitting armour, claws 3, regeneration 1, shaggy fur 1, tough skin 1
a: Renounce Religion, Wall Jump, Serpent's Lash


You were on level 7 of the Dungeon.
You worshipped Wu Jian.
Wu Jian was greatly pleased with you.
You visited 1 branch of the dungeon, and saw 7 of its levels.
You also visited: Ossuary.

You collected 283 gold pieces.

Inventory:

Hand Weapons
 c - a +0 hunting sling
 d - a +0 dagger of draining
Missiles
 g - 172 stones
 j - 122 arrows
 k - 7 large rocks
 m - 2 throwing nets
 y - 10 boomerangs (quivered)
 A - 20 bolts
 B - 9 poisoned darts
Armour
 a - a +0 robe (worn)
 r - a +0 cloak (worn)
Magical Staves
 o - a staff of earth
Jewellery
 f - an amulet of reflection (around neck)
 i - a +6 ring of strength
Wands
 x - a wand of digging (4)
Scrolls
 b - 3 scrolls of fog {unknown}
 e - a scroll of noise {unknown}
 h - 5 scrolls of teleportation
 l - a scroll of silence {unknown}
 n - a scroll of blinking {unknown}
 p - a scroll of magic mapping {unknown}
 q - a scroll of holy word {unknown}
 u - a scroll of fear {unknown}
 z - 2 scrolls of amnesia {unknown}
 E - 2 scrolls of immolation
Potions
 s - a potion of heal wounds
 t - 2 potions of might
 v - 2 potions of attraction
 w - a potion of cancellation
 C - a potion of berserk rage
 D - 2 potions of ambrosia
 F - a potion of magic {unknown}


   Skills:
 + Level 2.4(3.0) Slings
 + Level 3.3(4.0) Throwing
 - Level 1.5 Dodging
 - Level 1.0 Stealth
 - Level 11.7 Unarmed Combat
 - Level 1.2 Spellcasting
 - Level 0.6 Conjurations
 - Level 2.1 Fire Magic


You had 9 spell levels left.
You knew the following spells:

 Your Spells              Type           Power      Damage    Failure   Level
a - Foxfire               Conj/Fire      12%        2x1d4     19%         1

Your spell library contained the following spells:

 Spells                   Type           Power      Damage    Failure   Level
 Conjure Flame            Conj/Fire      3%         6-21      47%         3
 Inner Flame              Hex/Fire       3%         N/A       52%         3
 Sticky Flame             Conj/Fire      3%         2d3       87%         4
 Summon Lightning Spire   Summ/Air       0%         N/A       97%         4
 Fireball                 Conj/Fire      1%         3d3       99%         5
 Storm Form               Tmut/Air       0%         N/A       100%        7
 Maxwell's Capacitive Co  Air            0%         ∞         100%        8


Dungeon Overview and Level Annotations

Branches:
Dungeon (7/15)             Temple (0/1) D:6         Ossuary (visited)

Altars:
Dithmenos
Hepliaklqana
Trog
Wu Jian

Shops:
D:4 [


Innate Abilities, Weirdness & Mutations

You are too large for most types of armour.
You have claws for hands.
Your natural rate of healing is unusually fast.
You are covered in fur. (AC +1)
You have tough skin. (AC +1)


Message History

The steam dragon is lightly wounded.
The steam dragon closely misses you.
The steam dragon claws you but does no damage.
You claw the steam dragon!
The steam dragon is heavily wounded.
You block the wyvern skeleton's attack. The steam dragon breathes steam at you.
The ball of steam hits you!
You claw the steam dragon!
The steam dragon is almost dead.
You are engulfed in a cloud of scalding steam.
The wyvern skeleton bites you.
You scratch the steam dragon.
The steam dragon is almost dead.
You are engulfed in a cloud of scalding steam.
The steam dragon bites you. The steam dragon claws you.
The wyvern skeleton bites you!
* * * LOW HITPOINT WARNING * * *
You mangle the steam dragon!!
You kill the steam dragon!
The Council accepts your kill.
You are engulfed in a cloud of scalding steam.
You block the wyvern skeleton's attack.
The centaur wields a +0 shortbow.
The centaur shoots an arrow.
You reflect the arrow off an invisible shield around you!
The arrow hits the centaur!
You feel much better.
You are engulfed in a cloud of scalding steam.
The wyvern skeleton bites you!
You claw the wyvern skeleton!
The wyvern skeleton is heavily damaged.
You are engulfed in a cloud of scalding steam.
* * * LOW HITPOINT WARNING * * *
The wyvern skeleton barely misses you. The wyvern skeleton bites you!
* * * LOW HITPOINT WARNING * * *
You claw the centaur!
You kill the centaur!
The Council accepts your kill. The wyvern skeleton bites you!
You die...

........#$.#
.......!...##
.............
............#
.....D§§....#
...........(###
>.............#
#....##)#..#...#
# #..@Z.......#
#...####......#
..... ...(...
...> ..##..# ...
.## #.# .. .# ..
.


You could see a wyvern skeleton.

Vanquished Creatures
  Sigmund (D:6)
  Eustachio (D:6)
  A steam dragon (D:7)
  Menkaure (D:5)
  2 water moccasins (D:6)
  Duvessa (D:6)
  An ice beast (D:5)
  3 sky beasts (D:6)
  An ogre (D:5)
  A necrophage (D:6)
  2 centaurs (D:7)
  A phantom (D:4)
  11 scorpions
  Dowan (D:6)
  A wyvern skeleton (D:6)
  A bullfrog zombie (D:5)
  3 centaur zombies
  2 hounds
  A human zombie (Ossuary)
  A jelly (D:5)
  2 centaur skeletons
  An orc priest (D:4)
  2 scorpion zombies (Ossuary)
  An orc wizard (D:6)
  A hound skeleton (D:4)
  4 mummies
  Robin (D:3)
  6 adders
  3 gnolls (D:5)
  A worm (D:3)
  A dart slug (D:3)
  15 orcs
  9 ball pythons
  8 endoplasms
  3 giant cockroaches
  2 gnoll zombies (Ossuary)
  14 goblins
  11 hobgoblins
  5 kobolds
  7 quokkas
  8 bats
  5 frilled lizards
  4 goblin zombies (Ossuary)
  2 hobgoblin zombies (Ossuary)
  3 kobold zombies (Ossuary)
  An orc zombie (Ossuary)
  A rat (D:3)
158 creatures vanquished.

Vanquished Creatures (others)
  79 foxfires
79 creatures vanquished.

Grand Total: 237 creatures vanquished

Notes
Turn   | Place    | Note
-------+----------+-------------------------------------------
     0 | D:1      | dolemite99 the Troll Fire Elementalist began the quest for
                  | the Orb.
     0 | D:1      | Reached XP level 1. HP: 16/16 MP: 1/1
    54 | D:1      | Reached skill level 1 in Unarmed Combat
    96 | D:1      | Reached XP level 2. HP: 23/24 MP: 2/2
   223 | D:1      | Reached skill level 2 in Unarmed Combat
   706 | D:1      | Found a faded altar of an unknown god.
   770 | D:1      | Became a worshipper of the Wu Jian Council
   770 | D:1      | Reached * piety under Wu Jian
   919 | D:2      | Reached XP level 3. HP: 31/31 MP: 1/3
  1106 | D:2      | Reached skill level 3 in Unarmed Combat
  1660 | D:2      | Reached ** piety under Wu Jian
  1910 | D:3      | Reached XP level 4. HP: 35/39 MP: 1/4
  2014 | D:3      | Found a bloodstained altar of Trog.
  2107 | D:3      | Noticed Robin
  2119 | D:3      | Reached skill level 4 in Unarmed Combat
  2185 | D:3      | Killed Robin
  2449 | D:3      | Reached XP level 5. HP: 41/45 MP: 2/5
  2712 | D:4      | Reached skill level 5 in Unarmed Combat
  3022 | D:4      | Reached *** piety under Wu Jian
  3333 | D:4      | Noticed a phantom
  3342 | D:4      | Killed a phantom
  3343 | D:4      | Reached skill level 6 in Unarmed Combat
  3343 | D:4      | Reached XP level 6. HP: 49/53 MP: 6/6
  3360 | D:4      | Found Cekhloamu's Antique Armour Shop.
  3534 | D:5      | Entered Level 5 of the Dungeon
  3712 | D:5      | Noticed Menkaure
  3824 | D:5      | Killed Menkaure
  3825 | D:5      | Reached skill level 7 in Unarmed Combat
  3850 | D:5      | Noticed an ice beast
  3856 | D:5      | Killed an ice beast
  3857 | D:5      | Reached XP level 7. HP: 51/59 MP: 7/7
  3864 | D:5      | Noticed a shadow
  3865 | D:5      | Found a shadowy altar of Dithmenos.
  3866 | D:5      | Found a hazy altar of Hepliaklqana.
  3955 | D:5      | Reached skill level 8 in Unarmed Combat
  4505 | D:6      | Noticed Sigmund
  4525 | D:6      | Killed Sigmund
  4526 | D:6      | Reached skill level 9 in Unarmed Combat
  4529 | D:6      | Reached XP level 8. HP: 56/67 MP: 8/8
  4763 | D:6      | Reached skill level 10 in Unarmed Combat
  4833 | D:6      | Noticed Eustachio
  4860 | D:6      | Killed Eustachio
  4942 | D:6      | Found a sand-covered staircase.
  4949 | Ossuary  | Entered an ossuary
  5141 | Ossuary  | Reached **** piety under Wu Jian
  5206 | Ossuary  | Reached skill level 11 in Unarmed Combat
  5415 | Ossuary  | Reached XP level 9. HP: 74/74 MP: 9/9
  5739 | D:6      | Reached skill level 1 in Throwing
  5964 | D:6      | Reached skill level 1 in Slings
  5969 | D:6      | Found a staircase to the Ecumenical Temple.
  6048 | D:6      | Noticed Dowan
  6049 | D:6      | Noticed Duvessa
  6079 | D:6      | Killed Duvessa
  6089 | D:6      | Killed Dowan
  6408 | D:7      | Slain by a wyvern skeleton

Illustrated notes

Levels and vault maps discovered:
D:1:      dpeg_arrival_windows_large_door, layout_loops_ring,
          dilly_ecumenical_altar_fadedgnrine, serial_glass, glass_columns_c,
          glass_columns_b
D:2:      layout_basic, serial_forest, infiniplex_forest_straight_2,
          infiniplex_forest_straight_2, infiniplex_forest_pool,
          infiniplex_forest_zigzag_1, infiniplex_forest_lined_ring,
          infiniplex_forest_clump_long, grunt_decor_resistance
D:3:      layout_basic, trog_book, uniq_robin
D:4:      layout_basic, serial_shops, kennysheep_mini
D:5:      layout_loops_cross, riverfiend_overflow_shadow_ancestor, uniq_menkaure
D:6:      minmay_spotlight, layout_basic, minmay_temple_entry_mini_moons,
          gup_ossuary_entry_pyramid, uniq_duvessa, uniq_sigmund, uniq_eustachio
D:7:      layout_rooms, mainiacjoe_overflow_alcove_4, amcnicky_altar_gilded,
          gammafunk_temple_overflow_forgotten, serial_shops, shop,
          amcnicky_mini_rare_corridor_liquid

Skill      XL: |  1  2  3  4  5  6  7  8  9 |
---------------+----------------------------+-----
Unarmed Combat | 1 2 3 4 6 7 9 11 | 11.7
Throwing       | 3 |  3.3
Slings         | 2 |  2.4
Dodging        | |  1.5
Stealth        | |  1.0
Spellcasting   | |  1.2
Conjurations   | |  0.6
Fire Magic     | |  2.1

Action                   |  1- 3 |  4- 6 |  7- 9 || total
-------------------------+-------+-------+-------++-------
Melee: Unarmed           |   119 |   110 |   212 ||   441
       Punch             |       |     2 |     4 ||     6
Throw: Dart              |       |       |    18 ||    18
       Boomerang         |       |       |    19 ||    19
 Cast: Foxfire           |    28 |    33 |       ||    61
Invok: Whirlwind         |     9 |    12 |    12 ||    33
       Lunge             |     6 |     9 |    10 ||    25
  Use: Scroll            |       |       |     7 ||     7
       Potion            |       |       |     4 ||     4
 Stab: Sleeping          |     5 |       |       ||     5
       Distracted        |       |       |     1 ||     1
Armor: Robe              |    33 |    19 |    43 ||    95
       Skin              |       |       |     2 ||     2
Dodge: Dodged            |    45 |    22 |    54 ||   121
Block: Other             |    14 |    16 |    35 ||    65
       Reflection        |       |     1 |     2 ||     3

Table legend: (Time is in decaauts)
 A = Elapsed time spent in this place.
 B = Non-inter-level travel time spent in this place.
 C = Inter-level travel time spent in this place.
 D = Time resting spent in this place.
 E = Time spent auto-exploring this place.
 F = Levels seen in this place.
 G = Mean time per level.
                   A        B        C        D        E       F      G
               +--------+--------+--------+--------+--------+-----+--------+
         Total |   6342 |   6198 |    144 |   1094 |   3650 |   8 |  792.8 |
       Dungeon |   5770 |   5626 |    144 |    897 |   3565 |   7 |  824.3 |
       Ossuary |    572 |    572 |      0 |    196 |     85 |   1 |  572.0 |
               +--------+--------+--------+--------+--------+-----+--------+

Top non-repeatable levels by time:
     D:6: 1322 daAuts
     D:2: 1055 daAuts
     D:5: 901 daAuts
     D:4: 885 daAuts
     D:1: 814 daAuts
     D:3: 768 daAuts
 Ossuary: 572 daAuts
     D:7: 21 daAuts
